 Dungeon Crawl Stone Soup version 0.30.1-11-g7821555f0a (webtiles) character file.

Game seed: 14923297417834168778

1057 SacredBeard the Grave Robber (level 8, -3/60 HPs)
             Began as a Demonspawn Necromancer on Nov 27, 2023.
             Slain by a gnoll
             ... wielding a +0 flail
             ... led by a gnoll bouda
              (14 damage)
             ... on level 5 of the Dungeon.
             The game lasted 00:12:56 (5994 turns).

SacredBeard the Grave Robber (DsNe)                 Turns: 5994, Time: 00:12:56

Health: -3/60      AC:  3    Str: 10    XL:     8   Next: 6%
Magic:  9/11       EV: 12    Int: 22    God:
Gold:   351        SH:  0    Dex: 15    Spells: 10/11 levels left

rFire   . . .        u - +0 short sword (flame)
rCold   . . .        (no shield)
rNeg    . . .        a - +0 robe
rPois   .            (no helmet)
rElec   .            v - +0 cloak
rCorr   .            (no gloves)
SInv    .            (no boots)
Will    .....        k - amulet of regeneration
Stlth   +            h - +6 ring of intelligence
HPRegen 1.10/turn    (no ring)
MPRegen 0.12/turn

%: no passive effects
@: confused
A: claws 2, large bone plates 1, demonic guardian 2
a: no special abilities


You were on level 5 of the Dungeon.
You visited 2 branches of the dungeon, and saw 6 of its levels.

You collected 351 gold pieces.

Inventory:

Hand Weapons
 c - a +0 dagger of venom
 u - a +0 short sword of flaming (weapon)
Missiles
 d - 17 poisoned darts
 f - 7 curare-tipped darts
 m - 9 boomerangs
 p - 57 stones
 y - 2 throwing nets
Armour
 a - a +0 robe (worn)
 v - a +0 cloak (worn)
 D - a +0 plate armour
Jewellery
 h - a +6 ring of intelligence (left claw)
 k - an amulet of regeneration (around neck)
Wands
 w - a wand of light (9)
Scrolls
 e - 2 scrolls of enchant weapon {unknown}
 g - 2 scrolls of amnesia {unknown}
 i - a scroll of poison {unknown}
 n - 6 scrolls of teleportation {unknown}
 o - 2 scrolls of blinking {unknown}
 q - 2 scrolls of identify {unknown}
 s - a scroll of silence {unknown}
 C - a scroll of magic mapping {unknown}
 E - a scroll of vulnerability {unknown}
 F - a scroll of fear {unknown}
Potions
 b - a potion of magic
 j - 2 potions of mutation {unknown}
 l - 2 potions of curing {unknown}
 r - a potion of lignification {unknown}
 t - a potion of attraction {unknown}
 x - a potion of brilliance {unknown}
 z - a potion of heal wounds {unknown}
 A - 2 potions of cancellation {unknown}
 B - a potion of ambrosia {unknown}


   Skills:
 + Level 3.7 Fighting
 - Level 2.0 Throwing
 - Level 2.0 Armour
 - Level 2.0 Dodging
 - Level 3.0 Stealth
 * Level 3.5 Unarmed Combat
 - Level 2.0 Spellcasting
 - Level 7.0 Necromancy
 - Level 3.0 Evocations


You had 10 spell levels left.
You knew the following spells:

 Your Spells              Type           Power      Damage    Failure   Level
a - Necrotise             Necr           100%       1d9       1%          1

Your spell library contained the following spells:

 Spells                   Type           Power      Damage    Failure   Level
 Vampiric Draining        Necr           33%        2d8       2%          3
 Animate Dead             Necr           33%        N/A       8%          4
 Agony                    Necr           33%        N/A       22%         5
 Inner Flame              Hex/Fire       2%         N/A       38%         3
 Flame Wave               Conj/Fire      2%         2d4       80%         4
 Leda's Liquefaction      Hex/Erth       1%         N/A       80%         4
 Sticky Flame             Conj/Fire      2%         2d3       80%         4
 Lee's Rapid Deconstruct  Erth           1%         3d4*      98%         5
 Statue Form              Tmut/Erth      1%         N/A       100%        6


Dungeon Overview and Level Annotations

Branches:
Dungeon (5/15) Zot: 24045  Temple (1/1) D:5 Zot: 5936

Altars:
Dithmenos
Fedhas
Hepliaklqana
Kikubaaqudgha
Makhleb
Nemelex Xobeh
Okawaru
Ru
Sif Muna
Uskayaw
Xom
Yredelemnul

Annotations:
D:4 3 runed translucent doors, mmigdal's ghost, weakling HuDe; vvlvvlvvl's ghost, amateur GrFi


Innate Abilities, Weirdness & Mutations

You have very sharp fingernails.
You are partially covered in large bone plates. (SH +4)
A demonic guardian rushes to your aid.


Message History

You bump into the rock wall.
You closely miss something. The gnoll closely misses you.
Something hits you but does no damage.
You bump into the rock wall.
The gnoll barely misses you.
You hear some strange, mumbled words.
Something tries to affect you, but you resist.
The gnoll misses you.
The orc wizard points at you and mumbles some strange words.
You are more confused.
Something hits you but does no damage. The gnoll barely misses you.
The gnoll hits you from afar with a +0 halberd!
Something hits you.
You bump into the rock wall.
The gnoll barely misses you.
An orc comes into view. It is wielding a +0 club.
The orc hits you but does no damage. The gnoll misses you.
The orc wizard mumbles some strange words.
The orc wizard flickers and vanishes!
You hear some strange, mumbled words.
You are more confused.
You hear a shout!
The orc hits you with a +0 dagger.
An orc comes into view. It is wielding a +0 mace.
An ogre comes into view. It is wielding a +0 giant club.
You're too confused to move!
The orc shouts!
The gnoll hits you from afar with a +0 halberd!
The gnoll hits you with a +0 flail. The orc hits you with a +0 dagger.
* * * LOW HITPOINT WARNING * * *
Something hits you but does no damage.
You hear some strange, mumbled words.
A magic dart appears from out of thin air!
The magic dart hits you!
* * * LOW HITPOINT WARNING * * *
A demonic guardian appears!
You are too confused!
You hit the gnoll but do no damage.
An orc wizard appears from thin air!
Reactivating autopickup.
The gnoll hits you with a +0 flail!
You die...

#.... #..... ...
##....... .. #........
#. ##........ #.##
#.........
#..###.........
######.##.@.....O..
####..[##...goo....o..
##.......#.....g4).....
##..........###.........
#......[....# ##...o....
##...........# #####....
#[...........# ####
.†...........#
#............#


You could see an ogre, an orc wizard, 2 gnolls, 3 orcs and a friendly hellwing
(summoned).

Vanquished Creatures
  2 black bears (D:5)
  2 ogres (D:3)
  3 kobold brigands (D:3)
  A scorpion (D:5)
  A hound (D:5)
  2 iguanas (D:4)
  A hound skeleton (D:2)
  10 gnolls
  3 adders
  An ufetubus (D:5)
  4 adder zombies
  2 adder skeletons (D:2)
  4 worms
  4 dart slugs
  6 ball pythons
  6 bats
  A bat zombie (D:2)
  3 endoplasms
  A giant cockroach (D:4)
  3 goblins
  14 hobgoblins
  4 jackals (D:2)
  33 kobolds
  7 quokkas
  4 frilled lizards
  A jackal zombie (D:2)
  A quokka skeleton (D:2)
  7 rats
131 creatures vanquished.

Vanquished Creatures (collateral kills)
  A phantom (D:4)
  An adder zombie (D:3)
  2 quokkas (D:4)
  A kobold (D:3)
  A quokka skeleton (D:2)
  A rat (D:3)
7 creatures vanquished.

Grand Total: 138 creatures vanquished

Notes
Turn   | Place    | Note
-------+----------+-------------------------------------------
     0 | D:1      | SacredBeard the Demonspawn Necromancer began the quest for
                  | the Orb.
     0 | D:1      | Reached XP level 1. HP: 13/13 MP: 3/3
   291 | D:1      | Gained mutation: You are partially covered in large bone
                  | plates. (SH +4) [demonic ancestry]
   291 | D:1      | Reached XP level 2. HP: 13/19 MP: 0/5
   746 | D:1      | Gained mutation: You have sharp fingernails. [demonic
                  | ancestry]
   746 | D:1      | Reached XP level 3. HP: 25/25 MP: 3/6
  1278 | D:2      | Reached skill level 1 in Evocations
  1486 | D:2      | Reached skill level 1 in Fighting
  1652 | D:2      | Gained mutation: A weak demonic guardian rushes to your
                  | aid. [demonic ancestry]
  1652 | D:2      | Reached XP level 4. HP: 32/32 MP: 4/7
  1878 | D:2      | Reached skill level 1 in Throwing
  2115 | D:2      | Reached skill level 5 in Necromancy
  2221 | D:2      | Found a faded altar of an unknown god.
  2420 | D:3      | Reached skill level 1 in Armour
  2676 | D:3      | Noticed an ogre
  2684 | D:3      | Killed an ogre
  2685 | D:3      | Reached skill level 1 in Unarmed Combat
  2685 | D:3      | Reached XP level 5. HP: 37/37 MP: 2/8
  2797 | D:3      | Found a basalt altar of Yredelemnul.
  2895 | D:3      | Noticed an ogre
  2902 | D:3      | Killed an ogre
  2903 | D:3      | Gained mutation: A demonic guardian rushes to your aid.
                  | [demonic ancestry]
  2903 | D:3      | Reached XP level 6. HP: 44/44 MP: 3/9
  3662 | D:3      | Reached skill level 6 in Necromancy
  4041 | D:3      | Reached XP level 7. HP: 46/50 MP: 5/10
  4904 | D:4      | Found a hide-covered altar of Uskayaw.
  5010 | D:4      | Found a runed translucent gate.
  5011 | D:4      | Found a runed translucent gate.
  5012 | D:4      | Found a runed translucent gate.
  5013 | D:4      | Noticed vvlvvlvvl's ghost (amateur GrFi)
  5013 | D:4      | Noticed mmigdal's ghost (weakling HuDe)
  5429 | D:5      | Entered Level 5 of the Dungeon
  5429 | D:5      | Found a staircase to the Ecumenical Temple.
  5448 | D:5      | Reached skill level 7 in Necromancy
  5455 | Temple   | Entered the Ecumenical Temple
  5571 | D:5      | Found a shadowy altar of Dithmenos.
  5622 | D:5      | Found a blossoming altar of Fedhas.
  5890 | D:5      | Gained mutation: You have very sharp fingernails. [demonic
                  | ancestry]
  5890 | D:5      | Reached XP level 8. HP: 57/60 MP: 3/11
  5994 | D:5      | Slain by a gnoll

Illustrated notes

Levels and vault maps discovered:
D:1:      lightli_arrival_quake, layout_basic, minmay_misc_feat_roman
D:2:      layout_loops_ring, ebering_ecumenical_altar_webs, serial_undead,
          serial_undead_b, serial_undead_a, serial_undead_b, serial_undead_a,
          serial_undead_c, serial_undead_a
D:3:      minmay_goblin_kobold_castle, layout_loops_ring,
          nicolae_yredelemnul_corpse_copse, grunt_ministairs_11,
          minmay_misc_feat_secret_circle
D:4:      layout_cave_pools, mainiacjoe_overflow_alcove_4,
          gammafunk_ghost_cemetery, kennysheep_generic_room_9
D:5:      minmay_diamond_boxcup, layout_cave_pods, fedhas_altar_decomposition,
          mainiacjoe_overflow_tiny_flanked, minmay_temple_entry_junction
Temple:   hellmonk_temple_rainy

Skill      XL: |  1  2  3  4  5  6  7 |
---------------+----------------------+-----
Stealth        | 2 3 |  3.0
Dodging        | 2 |  2.0
Evocations     | 1 2 3 |  3.0
Fighting       | 1 2 3 |  3.7
Throwing       | 1 2 |  2.0
Necromancy     | 5 6 7 |  7.0
Armour         | 1 2 |  2.0
Unarmed Combat | 1 3 |  3.5
Spellcasting   | |  2.0

Action                     |  1- 3 |  4- 6 |  7- 9 || total
---------------------------+-------+-------+-------++-------
  Melee: Dagger            |    54 |    20 |       ||    74
         Short sword       |       |    33 |    11 ||    44
         Punch             |       |     1 |       ||     1
  Throw: Stone             |     2 |     1 |       ||     3
         Dart              |       |     5 |     5 ||    10
   Cast: Necrotise         |    51 |   116 |    87 ||   254
 Armour: Robe              |    11 |    10 |     7 ||    28
  Dodge: Dodged            |    39 |    43 |    26 ||   108
  Block: Other             |     8 |    13 |     5 ||    26
